Map: Goldenaura LE

Players

DarkStar - Winner!

  • Race: Protoss Protoss
  • League: Silver
  • Spawn Location: 5:00

SubN

  • Race: Protoss Protoss
  • League: Diamond
  • Spawn Location: 12:00

VOD

Have the link to the VOD?

Description

Time

  • Played on: Nov. 19, 2023, 1:28 p.m.
  • Length: 6:15
Show
View Real Time Build Order
Export as new Build Order

DarkStar Protoss - Winner!

Build Orders:  

Get SALT Encoding   

  12  0:00  Probe  
  13  0:13  Probe  
  14  0:21  Pylon  
  14  0:25  Probe  
  15  0:39  Probe  
  15  0:40  Gateway  
  16  0:51  Probe  
  16  0:54  Assimilator  
  17  0:57  Assimilator  
  17  1:05  Probe  
  18  1:17  Probe  
  19  1:32  Probe  
  19  1:34  Pylon  
  20  1:44  Cybernetics Core  
  20  1:45  Probe  
  21  2:02  Gateway  
  21  2:13  Pylon  
  21  2:22  Robotics Facility  
  21  2:27  Stalker  
  21  2:29  Warp Gate  
  23  2:33  Probe (Chrono Boost)  
  24  2:43  Probe (Chrono Boost)  
  25  2:48  Probe (Chrono Boost)  
  26  2:59  Probe (Chrono Boost)  
  27  3:06  Immortal (Chrono Boost)  
  27  3:07  Probe (Chrono Boost)  
  32  3:14  Stalker (Chrono Boost)  
  34  3:26  Probe  
  35  3:31  Pylon  
  35  3:36  Pylon  
  35  3:49  Nexus  
  35  4:01  Immortal  
  39  4:16  Gateway  
  39  4:25  Stalker  
  39  4:26  Stalker  
  43  4:43  Pylon  
  43  4:46  Gateway  
  43  4:56  Stalker x2  
  45  5:27  Stalker  
  45  5:28  Stalker x2  
Show
View Real Time Build Order
Export as new Build Order

SubN Protoss 

Build Orders: Blink Stalkers 

Get SALT Encoding   

  12  0:00  Probe  
  13  0:12  Probe (Chrono Boost)  
  14  0:18  Pylon  
  14  0:24  Probe (Chrono Boost)  
  15  0:35  Probe (Chrono Boost)  
  15  0:42  Gateway  
  16  0:45  Probe  
  17  0:52  Assimilator  
  17  0:57  Probe  
  18  1:07  Assimilator  
  18  1:09  Probe (Chrono Boost)  
  19  1:20  Probe (Chrono Boost)  
  19  1:25  Pylon, Probe (Chrono Boost)  
  21  1:33  Gateway  
  21  1:35  Probe  
  22  1:43  Cybernetics Core  
  22  1:49  Probe  
  23  2:01  Probe  
  24  2:14  Probe  
  25  2:19  Warp Gate (Chrono Boost)  
  25  2:25  Twilight Council  
  25  2:26  Probe (Chrono Boost)  
  25  2:29  Stalker x2  
  30  2:36  Pylon, Probe (Chrono Boost)  
  31  2:49  Pylon  
  31  2:54  Probe  
  32  2:59  Stalker x2  
  36  3:06  Probe  
  36  3:10  Blink  
  37  3:22  Gateway  
  37  3:24  Probe  
  38  3:36  Probe  
  39  3:44  Gateway  
  39  3:48  Probe  
  40  3:57  Pylon  
  40  4:00  Probe  
  41  4:12  Probe  
  41  4:14  Stalker x2  
  46  4:32  Nexus  
  46  4:39  Pylon  
  46  4:59  Stalker x4  
  42  6:01  Stalker  
Tags
 
Composition
Blink Stalkers
Matchup
PvP
Replay Pack
2025 replay dump
Spawn Locations
Cross Positions
Add a new tag
Caveats
  • Supply blocks, unpowered buildings, or Contaminate may cause inaccurate times.
  • Supply counts are checked every 10 seconds.